 Dungeon Crawl Stone Soup version 0.31-a0-700-gf13585253f (webtiles) character file.

Game seed: 11582838030995040759

298 lunkers the Ruffian (level 6, 0/39 HPs)
             Began as a Meteoran Shapeshifter on Sept 7, 2023.
             Was an Initiate of Okawaru.
             Slain by an orc priest
             ... wielding a +0 flail
              (6 damage)
             ... on level 3 of the Dungeon.
             The game lasted 00:03:39 (1149 turns).

lunkers the Ruffian (Meteoran Shapeshifter)         Turns: 1149, Time: 00:03:40

Health: 0/39       AC:  6    Str: 16    XL:     6   Next: 95%
Magic:  7/7        EV: 10    Int: 12    God:    Okawaru [......]
Gold:   106        SH:  0    Dex: 15    Spells: 5/5 levels left

rFire   . .          .
                       - Unarmed
rCold   + . .        (shield currently unavailable)
rNeg    . . .        g - +0 scale mail
rPois   +            (no helmet)
rElec   .            (no cloak)
rCorr   .            (no gloves)
SInv    .            (no boots)
Will    .....        (no amulet) Stlth
                     m - ring of protection from cold
HPRegen 0.26/turn    q - ring of poison resistance
MPRegen 0.10/turn

%: no passive effects
@: flux-form, glowing
A: glow, contaminating, reduced hp, sense surroundings 1, otherworldly, glowing,
explore regen
a: Begin Untransformation, Renounce Religion


You were on level 3 of the Dungeon.
You worshipped Okawaru.
Okawaru was noncommittal.
You were something dangerously unstable.
You visited 1 branch of the dungeon, and saw 4 of its levels.

You collected 106 gold pieces.

Inventory:

Armour
 a - a +0 animal skin
 b - a +0 helmet
 g - a +0 scale mail (worn)
Jewellery
 e - a +6 ring of intelligence
 k - a +6 ring of intelligence
 m - a ring of protection from cold (left hand)
 q - a ring of poison resistance (right hand)
Talismans
 c - a beast talisman
 d - a flux talisman (active)
Wands
 r - a wand of digging (8)
Scrolls
 f - a scroll of teleportation {unknown}
 h - 2 scrolls of identify {unknown}
 o - a scroll of silence {unknown}
 p - a scroll of blinking {unknown}
 t - a scroll of acquirement {unknown}
Potions
 i - 2 potions of might {unknown}
 j - a potion of mutation {unknown}
 l - 4 potions of curing {unknown}
 n - 2 potions of attraction {unknown}
 s - a potion of degeneration {unknown}


   Skills:
 - Level 1.1 Fighting
 - Level 2.1 Dodging
 * Level 7.1 Unarmed Combat
 + Level 5.3 Shapeshifting


You had 5 spell levels left.
You didn't know any spells.
Your spell library was empty.

Dungeon Overview and Level Annotations

Branches:
Dungeon (4/15) Zot: 1267
 Temple: D:4-7

Altars:
Kikubaaqudgha
Okawaru
Sif Muna


Innate Abilities, Weirdness & Mutations

You are something dangerously unstable.
You glow with magical radiation, making you easy to see and hit.
Foes you strike become dangerously contaminated with magical radiation.
Your maximum health is decreased, since you lack skill for your form.
You are incapable of wielding weapons or throwing items.
You passively map a small area around you.
You are easily found by Zot.
You glow in the dark.
You regain HP and MP as you explore.


Message History

You climb downwards.
The orc hits you with a +0 club. The orc hits you with a +0 hand axe.
The gnoll barely misses you. The orc completely misses you.
The orc hits you with a +0 club. The gnoll closely misses you.
There is a stone staircase leading up here.
The orc hits you with a +0 hand axe. The gnoll barely misses you.
The orc closely misses you.
The orc priest calls down the wrath of Beogh upon you.
Beogh smites you!
* * * LOW HITPOINT WARNING * * *
You climb upwards.
There is a stone staircase leading down here.
Unknown command.
You barely miss the orc priest.
Unknown command.
You hit the orc priest.
The orc priest begins to glow.
The orc priest is moderately wounded.
The orc hits you but does no damage. The orc priest closely misses you.
The orc hits you but does no damage. The gnoll hits you but does no damage.
Unknown command.
You hit the orc priest but do no damage.
The orc priest glows dangerously bright.
The orc priest is moderately wounded.
The orc barely misses you. The orc priest barely misses you.
The orc barely misses you. The gnoll closely misses you.
Unknown command.
You hit the orc priest but do no damage.
The orc priest shudders as magic cascades through it.
The orc priest twists and deforms.
The orc priest is heavily wounded.
The orc barely misses you. The orc priest barely misses you.
The orc hits you with a +0 club.
* * * LOW HITPOINT WARNING * * *
The gnoll hits you with a +0 whip.
* * * LOW HITPOINT WARNING * * *
You closely miss the orc priest.
The orc priest is heavily wounded.
The orc hits you but does no damage.
The orc priest hits you with a +0 flail.
You die...

#. #..#.......####
#..
##<....##.#...##
#.#
#...............
)..
###...####.###....
*#.##.....#
#..######
#....#..## ##..# #
**###.....# ##.##
# ##oo.#.# #..# *
, #..Bg#.# ##.###
#......o..#.#
#...#
#...##.##...#
###.## #.. ...
##..# #..# #.,.###
*..# ##.# #.. #.#
#.# ., , ..,
#####.# * ,...
#...#.. #......


You could see an orc priest (misshapen), a gnoll and 2 orcs.

Vanquished Creatures
  Sigmund (D:2)
  An orc wizard (D:3)
  4 gnolls (D:3)
  2 adders (D:2)
  2 worms (D:3)
  A dart slug (D:1)
  8 orcs
  5 endoplasms
  3 giant cockroaches
  A goblin (D:3)
  5 hobgoblins
  3 kobolds
  2 ball pythons (D:2)
  5 bats
  A frilled lizard (D:3)
  5 rats
49 creatures vanquished.

Notes
Turn   | Place    | Note
-------+----------+-------------------------------------------
     0 | D:1      | lunkers the Meteoran Shapeshifter began the quest for the
                  | Orb.
     0 | D:1      | Reached XP level 1. HP: 16/16 MP: 2/2
    81 | D:1      | Reached skill level 4 in Unarmed Combat
    81 | D:1      | Reached XP level 2. HP: 18/23 MP: 3/3
   291 | D:2      | Noticed Sigmund
   306 | D:2      | Killed Sigmund
   307 | D:2      | Reached skill level 6 in Unarmed Combat
   307 | D:2      | Reached XP level 3. HP: 21/28 MP: 4/4
   307 | D:2      | Reached XP level 4. HP: 26/35 MP: 5/5
   307 | D:2      | Reached XP level 5. HP: 30/40 MP: 6/6
   307 | D:2      | Reached XP level 6. HP: 35/47 MP: 7/7
   527 | D:2      | Reached skill level 5 in Shapeshifting
   640 | D:2      | You fall into a shaft and drop 2 floors!
   819 | D:3      | Found an ancient bone altar of Kikubaaqudgha.
   825 | D:3      | Found a shimmering blue altar of Sif Muna.
   830 | D:3      | Found an iron altar of Okawaru.
   835 | D:3      | Became a worshipper of Warmaster Okawaru
   944 | D:3      | Reached skill level 7 in Unarmed Combat
   966 | D:3      | Found a faded altar of an unknown god.
  1149 | D:3      | Slain by an orc priest

Illustrated notes

Levels and vault maps discovered:
D:1:      dpeg_arrival_simpleton_c, layout_loops_ring, st_stairs_12,
          minmay_heptomino_l4
D:2:      layout_loops_ring, uniq_sigmund
D:3:      layout_rooms, minitemple, ebering_ecumenical_altar_webs,
          uniq_crazy_yiuf_cottage
D:4:      layout_basic, tgw_fedhas, minmay_misc_feat_rugged,
          hangedman_decor_clover_reticule, nicolae_shop_i_like_small_books_too,
          minmay_joined_circles, uniq_robin

Skill      XL: |  1  2  3  4  5  6 |
---------------+-------------------+-----
Unarmed Combat | 4 6 7 |  7.1
Shapeshifting  | 4 5 |  5.3
Fighting       | |  1.1
Dodging        | |  2.1

Action                     |  1- 3 |  4- 6 || total
---------------------------+-------+-------++-------
  Melee: Unarmed           |    30 |   101 ||   131
         Punch             |       |     1 ||     1
    Use: Potion            |     1 |       ||     1
   Stab: Sleeping          |     1 |       ||     1
 Armour: Animal skin       |     9 |       ||     9
         Scale mail        |     8 |    86 ||    94
         Skin              |     3 |       ||     3
  Dodge: Dodged            |     6 |    43 ||    49
   Form: Flux              |       |     1 ||     1

Table legend: (Time is in decaauts)
 A = Elapsed time spent in this place.
 B = Non-inter-level travel time spent in this place.
 C = Inter-level travel time spent in this place.
 D = Time resting spent in this place.
 E = Time spent auto-exploring this place.
 F = Levels seen in this place.
 G = Mean time per level.
                   A        B        C        D        E       F      G
               +--------+--------+--------+--------+--------+-----+--------+
         Total |   1131 |   1131 |      0 |      9 |    765 |   4 |  282.8 |
       Dungeon |   1131 |   1131 |      0 |      9 |    765 |   4 |  282.8 |
               +--------+--------+--------+--------+--------+-----+--------+

Top non-repeatable levels by time:
     D:3: 458 daAuts
     D:2: 350 daAuts
     D:1: 281 daAuts
     D:4: 40 daAuts
